 Dungeon Crawl Stone Soup version 0.23-a0-143-g1adec7b (webtiles) character file.

606 mopl the Spear-Bearer (level 7, -2/52 HPs)
             Began as a Merfolk Abyssal Knight on Sept 5, 2018.
             Was a Priest of Lugonu.
             Slain by an ice beast (6 damage)
             ... on level 6 of the Dungeon.
             The game lasted 00:06:35 (4989 turns).

mopl the Spear-Bearer (Merfolk Abyssal Knight)      Turns: 4989, Time: 00:06:35

Health: -2/52      AC:  6    Str: 12    XL:     7   Next: 42%
Magic:  10/10      EV: 12    Int: 12    God:    Lugonu [***...]
Gold:   202        SH:  0    Dex: 15    Spells: 6/6 levels left

rFire    . . .     SeeInvis .   a - +1 spear
rCold    . . .     Gourm    .   (no shield)
rNeg     . . .     Faith    .   b - +0 leather armour
rPois    .         Spirit   .   t - +0 helmet
rElec    .         Reflect  .   y - +0 cloak
rCorr    .         Harm     .   m - +0 pair of gloves
MR       .....                  (no boots)
Stlth    ++........             (no amulet)
HPRegen  0.17/turn              v - ring of stealth
MPRegen  0.12/turn              (no ring)

@: no status effects
A: change form in water, swift swim, stealthy swim
a: Depart the Abyss, Bend Space, Banish, Renounce Religion


You were on level 6 of the Dungeon.
You worshipped Lugonu.
Lugonu was most pleased with you.
You were not hungry.

You visited 1 branch of the dungeon, and saw 6 of its levels.
You visited the Abyss 1 time.

You collected 202 gold pieces.

Inventory:

Hand Weapons
 a - a +1 spear (weapon)
Missiles
 l - 16 poisoned needles
Armour
 b - a +0 leather armour (worn)
 m - a +0 pair of gloves (worn)
 t - a +0 helmet (worn)
 y - a +0 cloak (worn)
Jewellery
 v - a ring of stealth (left hand)
Wands
 r - a wand of disintegration (9)
 C - a wand of polymorph (23)
Scrolls
 d - 5 scrolls of remove curse {unknown}
 e - 4 scrolls of amnesia {unknown}
 g - 4 scrolls of identify {unknown}
 h - a scroll of fog {unknown}
 i - 2 scrolls of noise {unknown}
 j - 3 scrolls of enchant weapon {unknown}
 k - 4 scrolls of teleportation {unknown}
 n - 4 scrolls of blinking {unknown}
 p - 2 scrolls of random uselessness {unknown}
 u - a scroll of magic mapping {unknown}
 w - a scroll of fear {unknown}
 x - a scroll of enchant armour {unknown}
Potions
 f - 2 potions of magic {unknown}
 o - 2 potions of heal wounds {unknown}
 q - 3 potions of curing {unknown}
 s - a potion of might {unknown}
 z - a potion of flight {unknown}
 B - a potion of invisibility {unknown}
Comestibles
 c - 11 rations
 A - 2 chunks of flesh


   Skills:
 - Level 3.2 Fighting
 * Level 9.6 Polearms
 - Level 0.6 Armour
 - Level 2.6 Dodging
 + Level 5.1 Invocations


You had 6 spell levels left.
You didn't know any spells.
Your spell library contained the following spells:

 Spells                   Type           Power        Failure   Level  Hunger
 Confusing Touch          Hex            #.....       38%         1    ##.....
 Confuse                  Hex            #.......     77%         3    ####...
 Gell's Gravitas          Tloc           #.........   77%         3    ####...
 Petrify                  Tmut/Erth      #.......     99%         4    #####..
 Metabolic Englaciation   Hex/Ice        #.........   100%        5    ######.
 Yara's Violent Unravell  Hex/Tmut       #.........   100%        5    ######.


Dungeon Overview and Level Annotations

Branches:
Dungeon (6/15)
 Temple: D:4-7

Altars:
Elyvilon
Fedhas
Qazlal
Ru
Sif Muna


Message History

The hound is almost dead.
The hound bites you.
* * * LOW HITPOINT WARNING * * *
You barely miss the hound.
The hound is almost dead.
An ice beast comes into view.
The hound barely misses you.
You closely miss the hound.
The hound is almost dead.
The hound bites you but does no damage.
Some of the chunks of flesh in your inventory have rotted away.
You hit the hound but do no damage.
The hound is almost dead.
The hound barely misses you.
You closely miss the hound.
The hound is almost dead.
The ice beast hits you.
* * * LOW HITPOINT WARNING * * *
The ice beast freezes you.
You die...

#
#####.##########..
...l.....<........
............####
#.#..####.#......
#....Y@h5.# ####.
......###..# .#.#.
#..# # #..# #..#
#.5# #..# #..#


You could see an ice beast, a hound, a shadow imp and a leopard gecko
(sleeping).

Vanquished Creatures
  A phantom (D:5)
  2 ogres (D:5)
  A bullfrog zombie (D:5)
  An orc priest (D:3)
  A hound (D:5)
  An orc wizard (D:3)
  Ijyb (D:3)
  2 worker ants
  A worker ant zombie (D:5)
  Robin (D:2)
  4 adders
  An adder zombie (D:5)
  2 worms
  2 dart slugs
  3 leopard geckos
  2 orcs (D:3)
  A ball python (D:1)
  10 bats
  5 giant cockroaches
  16 goblins
  8 hobgoblins
  8 jackals
  3 quokkas
  4 frilled lizards
  10 kobolds
  2 quokka skeletons
  4 rats
97 creatures vanquished.

Notes
Turn   | Place    | Note
-------+----------+-------------------------------------------
     0 | Abyss:1  | mopl the Merfolk Abyssal Knight began the quest for the
                  | Orb.
     0 | Abyss:1  | Reached XP level 1. HP: 18/18 MP: 2/2
    62 | Abyss:1  | Noticed a tentacled starspawn
    72 | Abyss:1  | Noticed a quasit
   107 | Abyss:1  | Noticed a large abomination
   116 | Abyss:1  | Noticed a starcursed mass
   135 | Abyss:1  | Noticed a small abomination
   137 | D:1      | Escaped the Abyss
   515 | D:1      | Reached XP level 2. HP: 23/24 MP: 3/3
   664 | D:1      | Reached * piety under Lugonu
   664 | D:1      | Reached skill level 4 in Polearms
   926 | D:1      | Reached XP level 3. HP: 17/29 MP: 4/4
  1200 | D:2      | Found a faded altar of an unknown god.
  1273 | D:2      | Found a white marble altar of Elyvilon.
  1435 | D:2      | Reached skill level 5 in Polearms
  1717 | D:2      | Found a stormy altar of Qazlal.
  1968 | D:2      | Noticed Robin
  1971 | D:2      | Reached XP level 4. HP: 30/35 MP: 6/6
  1972 | D:2      | Reached ** piety under Lugonu
  1998 | D:3      | Reached skill level 3 in Invocations
  2389 | D:3      | Reached skill level 6 in Polearms
  2622 | D:3      | Reached XP level 5. HP: 29/41 MP: 7/7
  2918 | D:3      | Found a deep blue altar of Sif Muna.
  2918 | D:3      | Noticed Ijyb
  2970 | D:3      | Killed Ijyb
  3168 | D:3      | Found a blossoming altar of Fedhas.
  3295 | D:2      | Reached skill level 7 in Polearms
  3304 | D:2      | Killed Robin
  3663 | D:3      | Found a sacrificial altar of Ru.
  3914 | D:4      | Reached skill level 4 in Invocations
  3914 | D:4      | Reached XP level 6. HP: 28/47 MP: 7/9
  4450 | D:5      | Entered Level 5 of the Dungeon
  4641 | D:5      | Reached skill level 8 in Polearms
  4697 | D:5      | Noticed a phantom
  4725 | D:5      | Killed a phantom
  4725 | D:5      | Reached skill level 9 in Polearms
  4725 | D:5      | Reached XP level 7. HP: 42/52 MP: 10/10
  4790 | D:5      | Reached *** piety under Lugonu
  4920 | D:5      | Reached skill level 5 in Invocations
  4989 | D:6      | Slain by an ice beast

Vault maps used:
D:1:      dpeg_arrival_fog, serial_bayou, serial_bayou_pond_a,
          serial_bayou_lagoon_b, serial_bayou_shore_b, serial_bayou_ford_a
D:2:      elyvilon_altar_5, lemuel_crystal_altar,
          chequers_ecumenical_altar_simple, st_stairs_13, uniq_robin
D:3:      hangedman_ru_absence, grunt_temple_overflow_open, first_ration,
          serial_bayou_pond_c, uniq_ijyb
D:5:      minmay_temple_entry_fiery, serial_shops, nicolae_shop_behind_doors
Abyss:1:  evilmike_abyss_exit_plants

Skill      XL: |  1  2  3  4  5  6  7 |
---------------+----------------------+-----
Polearms       | 4 5 6 7 9 |  9.6
Invocations    | 3 4 5 |  5.1
Fighting       | |  3.2
Armour         | |  0.6
Dodging        | |  2.6

Action                   |  1- 3 |  4- 6 |  7- 9 || total
-------------------------+-------+-------+-------++-------
Melee: Spear             |   168 |   304 |    40 ||   512
       Tailslap          |     1 |     1 |       ||     2
Invok: Depart the Abyss  |     1 |       |       ||     1
       Bend Space        |       |     1 |       ||     1
Evoke: Wand              |       |     7 |     3 ||    10
 Stab: Sleeping          |     1 |     5 |     1 ||     7
  Eat: Chunk             |     3 |     9 |     1 ||    13
Armor: Leather armour    |    32 |    63 |    11 ||   106
Dodge: Dodged            |    95 |   140 |    26 ||   261

Table legend:
 A = Non-vault XP
 B = Vault XP
 C = Vault XP percentage of total XP
 D = Non-vault monster count
 E = Vault monster count
 F = Vault count percentage of total count
                 A         B        C        D         E       F
            +---------+---------+-------+---------+---------+-------
      Total |     796 |      71 |   8.2 |      84 |      13 |  13.4
            +---------+---------+-------+---------+---------+-------
        D:1 |      41 |       0 |   0.0 |      23 |       0 |   0.0
        D:2 |      46 |      27 |  37.0 |      20 |       8 |  28.6
        D:3 |     135 |      44 |  24.6 |      22 |       5 |  18.5
        D:4 |      49 |       0 |   0.0 |       8 |       0 |   0.0
        D:5 |     525 |       0 |   0.0 |      11 |       0 |   0.0
            +---------+---------+-------+---------+---------+-------
